TOP OF THE 1ST |
Port Arthur Pirates batting - Pitching for Clearwater Threshers : RHP Sandy Danielsen
|
Pitching: RHP Sandy Danielsen
|
|
Batting: SHB Geoff Doggett
|
0-0: Bunted foul 0-1: Foul Ball, location: 2F 0-2: Ball 1-2: Reached on error, E5 (Groundball, 56, EV 85.6 MPH)
|
Batting: RHB Billy Ripken
|
0-0: Ball 1-0: Foul Ball, location: 2F 1-1: Ball 2-1: DOUBLE (Line Drive, 3D, EV 105.0 MPH) Geoff Doggett to third Runner from 3rd tries for Home, SAFE, throw by RF to home
|
Batting: RHB Steve Stanicek
|
0-0: Called Strike 0-1: Ground out 5-3 (Groundball, 56S, EV 81.9 MPH)
|
Batting: LHB Dan Aruca
|
0-0: Ground out 6-3 (Groundball, 6, EV 104.4 MPH)
|
Batting: RHB Otto Gonzalez
|
0-0: Ball 1-0: Ball 2-0: Foul Ball, location: 2F 2-1: Foul Ball, location: 2F 2-2: Ball 3-2: Base on Balls
|
Batting: RHB Fredi Gonzalez
|
0-0: Foul Ball, location: 2F 0-1: Foul Ball, location: 2F 0-2: Ball 1-2: Ball 2-2: Foul Ball, location: 2F 2-2: Foul Ball, location: 2F 2-2: Strikes out swinging
|
Top of the 1st over - 1 run, 1 hit, 1 error, 2 left on base; Port Arthur 1 - Clearwater 0 |
BOTTOM OF THE 1ST |
Clearwater Threshers batting - Pitching for Port Arthur Pirates : RHP Armando Prieto
|
Pitching: RHP Armando Prieto
|
|
Batting: LHB Tom Jones
|
0-0: Ball 1-0: Foul Ball, location: 2F 1-1: Ball 2-1: Called Strike 2-2: Strikes out swinging
|
Batting: RHB Vincent Beringhele
|
0-0: Ball 1-0: Ball 2-0: Called Strike 2-1: Called Strike 2-2: Strikes out looking
|
Batting: RHB Roy Wolfe
|
0-0: Ball 1-0: Foul Ball, location: 2F 1-1: Ball 2-1: Fly out, F7 (Line Drive, 7D, EV 92.5 MPH)
|
Bottom of the 1st over - 0 runs, 0 hits, 0 errors, 0 left on base; Port Arthur 1 - Clearwater 0 |
TOP OF THE 2ND |
Port Arthur Pirates batting - Pitching for Clearwater Threshers : RHP Sandy Danielsen
|
Batting: LHB Chris Rehbaum
|
0-0: Swinging Strike 0-1: Fly out, F6 (Line Drive, 6, EV 61.3 MPH)
|
Batting: RHB Michael Kwiecinski
|
0-0: Ball 1-0: Ball 2-0: Ground out 6-3 (Groundball, 6S, EV 71.9 MPH)
|
Batting: RHB Willis Valdez
|
0-0: Called Strike 0-1: Called Strike 0-2: Ball 1-2: Ground out U3 (Groundball, 34, EV 81.9 MPH)
|
Top of the 2nd over - 0 runs, 0 hits, 0 errors, 0 left on base; Port Arthur 1 - Clearwater 0 |
BOTTOM OF THE 2ND |
Clearwater Threshers batting - Pitching for Port Arthur Pirates : RHP Armando Prieto
|
Batting: RHB Cliff Pastornicky
|
0-0: Ball 1-0: Ball 2-0: TRIPLE (Line Drive, 8RXD, EV 95.6 MPH)
|
Batting: RHB John Smith
|
0-0: Called Strike 0-1: Ball 1-1: Ball 2-1: Foul Ball, location: 2F 2-2: Foul Ball, location: 2F 2-2: SINGLE (Line Drive, 5D, EV 96.3 MPH) Cliff Pastornicky scores
|
Batting: RHB Sean Severns
|
0-0: Ball 1-0: Ball 2-0: Called Strike 2-1: Ball 3-1: Foul Ball, location: 2F 3-2: Strikes out swinging
|
Batting: RHB Charles Jennings
|
0-0: Swinging Strike 0-1: Ball 1-1: Ball 2-1: Swinging Strike 2-2: Ball 3-2: Foul Ball, location: 2F 3-2: Foul Ball, location: 2F 3-2: Foul Ball, location: 2F 3-2: Foul Ball, location: 2F 3-2: Strikes out swinging
|
Batting: RHB Drungo Hazewood
|
0-0: Ball 1-0: Called Strike 1-1: Ball 2-1: Called Strike 2-2: Reached on error, E4 (Groundball, 4, EV 98.8 MPH) John Smith to third
|
Batting: RHB Pedro Hernandez
|
0-0: Swinging Strike 0-1: Ground out 5-3 (Groundball, 56, EV 104.4 MPH)
|
Bottom of the 2nd over - 1 run, 2 hits, 1 error, 2 left on base; Port Arthur 1 - Clearwater 1 |
TOP OF THE 3RD |
Port Arthur Pirates batting - Pitching for Clearwater Threshers : RHP Sandy Danielsen
|
Batting: SHB Geoff Doggett
|
0-0: Ball 1-0: Ball 2-0: Foul Ball, location: 2F 2-1: Ground out U3 (Groundball, 34S, EV 85.6 MPH)
|
Batting: RHB Billy Ripken
|
0-0: Swinging Strike 0-1: Ground out 1-3 (Groundball, 13, EV 68.8 MPH)
|
Batting: RHB Steve Stanicek
|
0-0: Fly out, F9 (Flyball, 89M, EV 86.3 MPH)
|
Top of the 3rd over - 0 runs, 0 hits, 0 errors, 0 left on base; Port Arthur 1 - Clearwater 1 |
BOTTOM OF THE 3RD |
Clearwater Threshers batting - Pitching for Port Arthur Pirates : RHP Armando Prieto
|
Batting: LHB Tom Jones
|
0-0: Ball 1-0: Ball 2-0: Bunt missed! 2-1: Foul Ball, location: 2F 2-2: SINGLE (Groundball, 34D, EV 100.0 MPH)
|
Batting: RHB Vincent Beringhele
|
0-0: Ball 1-0: Foul Ball, location: 2F 1-1: Foul Ball, location: 2F 1-2: Strikes out swinging
|
Batting: RHB Roy Wolfe
|
0-0: Called Strike 0-1: DOUBLE (Line Drive, 89XD, EV 106.3 MPH) Tom Jones to third Runner from 3rd tries for Home, SAFE, no throw by RF
|
Batting: RHB Cliff Pastornicky
|
0-0: Called Strike 0-1: Called Strike 0-2: Ball 1-2: Strikes out looking
|
Batting: RHB John Smith
|
0-0: Ball 1-0: Foul Ball, location: 2F 1-1: Foul Ball, location: 2F 1-2: Strikes out swinging
|
Bottom of the 3rd over - 1 run, 2 hits, 0 errors, 1 left on base; Port Arthur 1 - Clearwater 2 |
TOP OF THE 4TH |
Port Arthur Pirates batting - Pitching for Clearwater Threshers : RHP Sandy Danielsen
|
Batting: LHB Dan Aruca
|
0-0: Ball 1-0: Called Strike 1-1: Ball 2-1: Ball 3-1: Base on Balls
|
Batting: RHB Otto Gonzalez
|
0-0: Grounds into double play, 5-4-3 (Groundball, 56, EV 101.9 MPH)
|
Batting: RHB Fredi Gonzalez
|
0-0: Called Strike 0-1: Ball 1-1: Ground out 6-3 (Groundball, 6, EV 83.1 MPH)
|
Top of the 4th over - 0 runs, 0 hits, 0 errors, 0 left on base; Port Arthur 1 - Clearwater 2 |
BOTTOM OF THE 4TH |
Clearwater Threshers batting - Pitching for Port Arthur Pirates : RHP Armando Prieto
|
Batting: RHB Sean Severns
|
0-0: Called Strike 0-1: Foul Ball, location: 2F 0-2: Ball 1-2: Ball 2-2: Strikes out swinging
|
Batting: RHB Charles Jennings
|
0-0: Ball 1-0: Swinging Strike 1-1: Ground out 5-3 (Groundball, 56S, EV 66.9 MPH)
|
Batting: RHB Drungo Hazewood
|
0-0: Foul Ball, location: 2F 0-1: Called Strike 0-2: Strikes out swinging
|
Bottom of the 4th over - 0 runs, 0 hits, 0 errors, 0 left on base; Port Arthur 1 - Clearwater 2 |
TOP OF THE 5TH |
Port Arthur Pirates batting - Pitching for Clearwater Threshers : RHP Sandy Danielsen
|
Batting: LHB Chris Rehbaum
|
0-0: SINGLE (Groundball, 56D, EV 99.4 MPH)
|
Batting: RHB Michael Kwiecinski
|
0-0: Ball Chris Rehbaum is caught stealing 2nd base 2-4 1-0: Ball 2-0: Foul Ball, location: 2F 2-1: Swinging Strike 2-2: Strikes out looking
|
Batting: RHB Willis Valdez
|
0-0: Ball 1-0: DOUBLE (Flyball, 8RD, EV 103.8 MPH)
|
Batting: SHB Geoff Doggett
|
0-0: Ball 1-0: Swinging Strike 1-1: Foul Ball, location: 2F 1-2: Foul Ball, location: 2F 1-2: Foul Ball, location: 2F 1-2: Ground out 1-3 (Groundball, 15S, EV 70.0 MPH)
|
Top of the 5th over - 0 runs, 2 hits, 0 errors, 1 left on base; Port Arthur 1 - Clearwater 2 |
BOTTOM OF THE 5TH |
Clearwater Threshers batting - Pitching for Port Arthur Pirates : RHP Armando Prieto
|
Batting: RHB Pedro Hernandez
|
0-0: Ground out 3-1 (Groundball, 34, EV 99.4 MPH)
|
Batting: LHB Tom Jones
|
0-0: Bunted foul 0-1: Foul Ball, location: 2F 0-2: Ball 1-2: Foul Ball, location: 2F 1-2: Ground out 3-1 (Groundball, 34, EV 81.3 MPH)
|
Batting: RHB Vincent Beringhele
|
0-0: Ball 1-0: Ball 2-0: Ball 3-0: Called Strike 3-1: Foul Ball, location: 2F 3-2: Foul Ball, location: 2F 3-2: Ground out 6-3 (Groundball, 56, EV 85.0 MPH)
|
Bottom of the 5th over - 0 runs, 0 hits, 0 errors, 0 left on base; Port Arthur 1 - Clearwater 2 |
TOP OF THE 6TH |
Port Arthur Pirates batting - Pitching for Clearwater Threshers : RHP Sandy Danielsen
|
Batting: RHB Billy Ripken
|
0-0: SINGLE (Flyball, 9S, EV 91.9 MPH)
|
Batting: RHB Steve Stanicek
|
0-0: Ball 1-0: Ball 2-0: Called Strike 2-1: Ball 3-1: Base on Balls Billy Ripken to second
|
Batting: LHB Dan Aruca
|
0-0: Ball 1-0: Called Strike 1-1: Fly out, F6 (Popup, 6MS, EV 63.8 MPH)
|
Batting: RHB Otto Gonzalez
|
0-0: Called Strike 0-1: Called Strike 0-2: Fly out, F5 (Popup, 5F, EV 61.9 MPH)
|
Batting: RHB Fredi Gonzalez
|
0-0: Ball 1-0: Called Strike 1-1: Fly out, F9 (Flyball, 9S, EV 95.0 MPH)
|
Top of the 6th over - 0 runs, 1 hit, 0 errors, 2 left on base; Port Arthur 1 - Clearwater 2 |
BOTTOM OF THE 6TH |
Clearwater Threshers batting - Pitching for Port Arthur Pirates : RHP Armando Prieto
|
Batting: RHB Roy Wolfe
|
0-0: Ground out 5-3 (Groundball, 15, EV 91.3 MPH)
|
Batting: RHB Cliff Pastornicky
|
0-0: Ball 1-0: Called Strike 1-1: Fly out, F6 (Line Drive, 6, EV 69.4 MPH)
|
Batting: RHB John Smith
|
0-0: Called Strike 0-1: Foul Ball, location: 2F 0-2: Ground out 4-3 (Groundball, 4, EV 103.8 MPH)
|
Bottom of the 6th over - 0 runs, 0 hits, 0 errors, 0 left on base; Port Arthur 1 - Clearwater 2 |
TOP OF THE 7TH |
Port Arthur Pirates batting - Pitching for Clearwater Threshers : RHP Sandy Danielsen
|
Batting: LHB Chris Rehbaum
|
0-0: Reached on error, E6 (Groundball, 6S, EV 64.4 MPH)
|
Pinch Hitting: LHB Paul Hollins
|
0-0: Ball 1-0: Foul Ball, location: 2F 1-1: Foul Ball, location: 2F 1-2: SINGLE (Groundball, 4MD, EV 105.0 MPH) Chris Rehbaum to third
|
Pinch Hitting: LHB John Rubel
|
0-0: Foul Ball, location: 2F 0-1: Called Strike 0-2: Fielders Choice at 2nd, 1-6 (Groundball, 13, EV 75.6 MPH)
|
Batting: SHB Geoff Doggett
|
0-0: Ball 1-0: Swinging Strike 1-1: Swinging Strike 1-2: Strikes out swinging
|
Batting: RHB Billy Ripken
|
0-0: Ball 1-0: Ball 2-0: Ball 3-0: Called Strike 3-1: Swinging Strike 3-2: Foul Ball, location: 2F 3-2: Foul Ball, location: 2F 3-2: Foul Ball, location: 2F 3-2: Ground out 6-3 (Groundball, 56, EV 104.4 MPH)
|
Top of the 7th over - 0 runs, 1 hit, 1 error, 2 left on base; Port Arthur 1 - Clearwater 2 |
BOTTOM OF THE 7TH |
Clearwater Threshers batting - Pitching for Port Arthur Pirates : RHP Armando Prieto
|
Now at 2B: Bryan Harwell
|
|
Now at 3B: Michael Murray
|
|
Batting: RHB Sean Severns
|
0-0: Ball 1-0: Foul Ball, location: 2F 1-1: Ground out 5-3 (Groundball, 56S, EV 61.9 MPH)
|
Batting: RHB Charles Jennings
|
0-0: Ball 1-0: Called Strike 1-1: Swinging Strike 1-2: Foul Ball, location: 2F 1-2: Ball 2-2: Ball 3-2: SINGLE (Groundball, 6MD, EV 107.5 MPH)
|
Batting: RHB Drungo Hazewood
|
0-0: Swinging Strike 0-1: Ball 1-1: 2-RUN HOME RUN (Flyball, 78XD, EV 102.5 MPH), Distance : 423 ft
|
Batting: RHB Pedro Hernandez
|
0-0: Ball 1-0: Swinging Strike 1-1: Ground out 1-3 (Groundball, 15S, EV 65.0 MPH)
|
Batting: LHB Tom Jones
|
0-0: Foul Ball, location: 2F 0-1: Called Strike 0-2: Ground out 6-3 (Groundball, 6, EV 83.8 MPH)
|
Bottom of the 7th over - 2 runs, 2 hits, 0 errors, 0 left on base; Port Arthur 1 - Clearwater 4 |
TOP OF THE 8TH |
Port Arthur Pirates batting - Pitching for Clearwater Threshers : RHP Sandy Danielsen
|
Batting: RHB Steve Stanicek
|
0-0: Ball 1-0: Ball 2-0: Swinging Strike 2-1: Ball 3-1: Base on Balls
|
Batting: LHB Dan Aruca
|
0-0: DOUBLE (Flyball, 8RXD, EV 91.9 MPH) Steve Stanicek to third
|
Batting: RHB Otto Gonzalez
|
0-0: Ball 1-0: Fly out, F8 (Flyball, 89S, EV 90.6 MPH)
|
Batting: RHB Fredi Gonzalez
|
0-0: Reached on error, E5 (Flyball, 5D, EV 86.9 MPH) Steve Stanicek scores Dan Aruca to third
|
Pinch Hitting: LHB Ron Salcedo
|
0-0: Ball 1-0: Ball 2-0: Ball 3-0: Base on Balls Fredi Gonzalez to second
|
Pinch Hitting: LHB Steven Chumas
|
0-0: Foul Ball, location: 2F 0-1: Ball 1-1: Fly out, F6 (Popup, 56S, EV 66.3 MPH)
|
Pitching: RHP Gil Ryan
|
|
Pinch Hitting: LHB Bert Flores
|
0-0: Ground out 4-3 (Groundball, 4, EV 103.1 MPH)
|
Top of the 8th over - 1 run, 1 hit, 1 error, 3 left on base; Port Arthur 2 - Clearwater 4 |
BOTTOM OF THE 8TH |
Clearwater Threshers batting - Pitching for Port Arthur Pirates : RHP Armando Prieto
|
Now at 2B: Ron Salcedo
|
|
Now at 3B: Steven Chumas
|
|
Now in RF: Bert Flores
|
|
Batting: RHB Vincent Beringhele
|
0-0: Ball 1-0: Ball 2-0: Ball 3-0: Base on Balls
|
Batting: RHB Roy Wolfe
|
0-0: Called Strike 0-1: Foul Ball, location: 2F 0-2: Fly out, F6 (Popup, 4MD, EV 43.8 MPH)
|
Batting: RHB Cliff Pastornicky
|
0-0: Called Strike Vincent Beringhele steals 2nd base 0-1: SINGLE (Groundball, 56D, EV 101.3 MPH) Vincent Beringhele to third Runner from 3rd tries for Home, SAFE, throw by LF to home
|
Pitching: LHP Charles Tillett
|
|
Now in LF: James Atkinson
|
|
Batting: RHB John Smith
|
0-0: Ball 1-0: Ball 2-0: Ball 3-0: Base on Balls Cliff Pastornicky to second
|
Batting: RHB Sean Severns
|
0-0: Called Strike 0-1: Ball Wild Pitch! Cliff Pastornicky to third John Smith to second 1-1: Swinging Strike 1-2: Strikes out swinging
|
Batting: RHB Charles Jennings
|
0-0: Ground out 1-3 (Groundball, 15S, EV 63.1 MPH)
|
Bottom of the 8th over - 1 run, 1 hit, 0 errors, 2 left on base; Port Arthur 2 - Clearwater 5 |
TOP OF THE 9TH |
Port Arthur Pirates batting - Pitching for Clearwater Threshers : RHP Gil Ryan
|
Batting: SHB Geoff Doggett
|
0-0: Ball 1-0: Called Strike 1-1: Ball 2-1: Ball 3-1: SINGLE (Flyball, 34D, EV 89.4 MPH)
|
Batting: RHB Billy Ripken
|
0-0: Ball 1-0: Ball 2-0: DOUBLE (Flyball, 8RXD, EV 96.9 MPH) Geoff Doggett to third
|
Pitching: RHP Leslie Rizenman
|
|
Batting: RHB Steve Stanicek
|
0-0: Ball 1-0: Swinging Strike 1-1: Ball 2-1: Ball 3-1: Foul Ball, location: 2F 3-2: Foul Ball, location: 2F 3-2: Strikes out swinging
|
Pinch Hitting: LHB Brad Winkler
|
0-0: Called Strike 0-1: Ball 1-1: Swinging Strike 1-2: Ball 2-2: Strikes out swinging
|
Batting: LHB Eric Brock
|
0-0: Ball 1-0: SINGLE (Line Drive, 56, EV 105.6 MPH) Geoff Doggett scores Billy Ripken to third
|
Pinch Runner at 1st Michael Cain:
|
|
Pinch Hitting: LHB Allen Peake
|
0-0: Ball 1-0: Foul Ball, location: 2F 1-1: Fly out, F7 (Flyball, 7, EV 86.9 MPH)
|
Top of the 9th over - 1 run, 3 hits, 0 errors, 2 left on base; Port Arthur 3 - Clearwater 5 |
|